 Dungeon Crawl Stone Soup version 0.19-a0-1167-g79b6552 (webtiles) character file.

32 Lindan9 the Sneak (level 3, 0/24 HPs)
             Began as a Vampire Enchanter on Aug 14, 2016.
             Slain by an adder (1 damage)
             ... on level 2 of the Dungeon.
             The game lasted 00:01:13 (528 turns).

Lindan9 the Sneak (Vampire Enchanter)                Turns: 528, Time: 00:01:14

Health: 0/24       AC:  3    Str:  7    XL:     3   Next: 10%
Magic:  6/6        EV: 13    Int: 18    God:
Gold:   136        SH:  0    Dex: 14    Spells: 1 memorised, 5 levels left

rFire  . . .     SeeInvis +     a - +1 dagger
rCold  . . .     Gourm    .     b - +1 robe
rNeg   + . .     Faith    .     (no shield)
rPois  .         Spirit   .     (no helmet)
rElec  .         Dismiss  .     (no cloak)
rCorr  .         Reflect  .     (no gloves)
MR     .....     Harm     .     (no boots)
Stlth  +++.......               (no amulet)
                                (no ring)
                                (no ring)

@: lethally poisoned (0 -> -10)
A: fangs 3, see invisible, unbreathing
a: Bat Form


You were on level 2 of the Dungeon.
You were not thirsty.

You visited 1 branch of the dungeon, and saw 2 of its levels.

You collected 136 gold pieces.

Inventory:

Hand Weapons
 a - a +1 dagger (weapon)
Armour
 b - a +1 robe (worn)
Scrolls
 f - a scroll of enchant weapon {unknown}
 g - a scroll of identify {unknown}
 h - a scroll of amnesia {unknown}
 i - a scroll of remove curse {unknown}
 k - a scroll of magic mapping {unknown}
 l - a scroll of enchant armour {unknown}
 m - a scroll of fear {unknown}
Potions
 d - a potion of blood
 e - 2 potions of ambrosia {unknown}
 j - a potion of curing {unknown}
Books
 c - a book of Maledictions

   Spells                             Type                      Level
   a - Corona                         Hexes                        1
   b - Ensorcelled Hibernation        Hexes/Ice                    2
   c - Confuse                        Hexes                        3
   d - Tukima's Dance                 Hexes                        3
   e - Dazzling Spray                 Conjuration/Hexes            3


   Skills:
 + Level 1.1 Short Blades
 + Level 2.5 Dodging
 + Level 5.3 Stealth
 + Level 2.1 Spellcasting
 + Level 5.2 Hexes


You had 5 spell levels left.
You knew the following spells:

 Your Spells              Type           Power        Failure   Level  Hunger
a - Corona                Hex            ###....      1%          1    #......


Dungeon Overview and Level Annotations

Branches:
Dungeon (2/15)

Altars:


Innate Abilities, Weirdness & Mutations

You have razor-sharp teeth.
You have supernaturally acute eyesight. (SInv)
You can survive without breathing.


Message History

You are too injured to fight recklessly!
You are too injured to fight recklessly!
You are too injured to fight recklessly!
You miss the adder. You bite the adder, but do no damage.
The adder is almost dead.
* * * LOW HITPOINT WARNING * * *
You feel sick. The adder bites you.
* * * LOW HITPOINT WARNING * * *
You miss the adder.
The adder is almost dead.
* * * LOW HITPOINT WARNING * * *
You feel sick. The adder misses you.
You barely miss the adder.
The adder is almost dead.
The adder barely misses you. x2
You miss the adder.
The adder is almost dead.
* * * LOW HITPOINT WARNING * * *
You feel sick. The adder bites you.
You die...

#.# #.....# #.## #.##
#.....# #.## ....
#.....# #... #.#.
#.....# #### #.#.
###.### #### . #.#.##
####.# #...
......###....### #.##
#..#.#.S#........# #.#
#......@#...#.##.####.#
##.#........#.........#
####.##..####.######
#.##.......#
..###.###### #### #..
####


You could see an adder.

Vanquished Creatures
  Jessica (D:2)
  A bat (D:1)
  A giant cockroach (D:1)
  2 kobolds (D:1)
  A giant newt (D:1)
  2 rats (D:2)
8 creatures vanquished.

Notes
Turn   | Place    | Note
-------+----------+-------------------------------------------
     0 | D:1      | Lindan9 the Vampire Enchanter began the quest for the Orb.
     0 | D:1      | Reached XP level 1. HP: 13/13 MP: 3/3
   443 | D:2      | Noticed Jessica
   445 | D:2      | Killed Jessica
   445 | D:2      | Reached skill level 5 in Stealth
   445 | D:2      | Reached skill level 5 in Hexes
   445 | D:2      | Reached XP level 2. HP: 19/19 MP: 5/5
   445 | D:2      | Reached XP level 3. HP: 24/24 MP: 6/6
   528 | D:2      | HP: 1/24 [poisoned by an adder]
   528 | D:2      | Slain by an adder

Vault maps used:
D:1:      dpeg_arrival_boxes_within_box
D:2:      kennysheep_generic_room_2, uniq_terence, uniq_jessica

Skill      XL: |  1 |
---------------+----+-----
Stealth        | 5 |  5.3
Hexes          | 5 |  5.2
Short Blades   | |  1.1
Dodging        | |  2.5
Spellcasting   | |  2.1

Action                   || total
-------------------------++-------
Melee: Dagger            ||    33
       Bite              ||     3
 Stab: Sleeping          ||     6
Armor: Robe              ||     5
Dodge: Dodged            ||    19
